 Dungeon Crawl Stone Soup version 0.31.0-11-ge490571c62 (webtiles) character file.

Game seed: 12371031149594954816

256 qw the Skirmisher (level 5, 0/30 HPs)
             Began as a Deep Elf Hunter on Feb 4, 2024.
             Incinerated by a bombardier beetle (4 damage)
             ... with a burning spray
             ... on level 3 of the Dungeon.
             The game lasted 00:00:09 (2119 turns).

qw the Skirmisher (Deep Elf Hunter)                 Turns: 2119, Time: 00:00:10

Health: 0/30       AC:  3    Str: 10    XL:     5   Next: 92%
Magic:  7/7        EV: 12    Int: 14    God:
Gold:   124        SH:  0    Dex: 18    Spells: 4/4 levels left

rFire   . . .        a - +1 shortbow
rCold   . . .        (shield currently unavailable)
rNeg    . . .        c - +0 leather armour
rPois   .            (no helmet)
rElec   .            (no cloak)
rCorr   .            (no gloves)
SInv    .            (no boots)
Will    .....        (no amulet)
Stlth   +            (no ring)
HPRegen 0.25/turn    (no ring)
MPRegen 0.10/turn

%: no passive effects
@: on fire, glowing
A: no striking features
a: no special abilities


You were on level 3 of the Dungeon.
You visited 1 branch of the dungeon, and saw 3 of its levels.

You collected 124 gold pieces.


   Skills:
 - Level 2.0 Fighting
 + Level 9.1 Ranged Weapons
 - Level 3.0 Dodging
 - Level 1.2 Stealth


You had 4 spell levels left.
You didn't know any spells.
Your spell library was empty.

Inventory:

Hand Weapons
 a - a +1 shortbow (weapon)
Armour
 c - a +0 leather armour (worn)
 g - a +0 pair of boots
Potions
 b - a potion of magic {unknown}
 d - a potion of degeneration {unknown}
 e - a potion of might
 h - a potion of curing

Dungeon Overview and Level Annotations

Branches:
Dungeon (3/15)

Altars:


Message History

You kill the adder!
Your Dodging skill increases to level 3!
You start resting.
HP restored.
You now have 124 gold pieces (gained 14).
You see here an adder corpse.
A bombardier beetle comes into view.
Enter note: You shoot an arrow.
The arrow hits the bombardier beetle but does no damage.
You shoot an arrow.
The arrow barely misses the bombardier beetle.
You shoot an arrow.
The arrow hits the bombardier beetle but does no damage.
You shoot an arrow. The arrow hits the bombardier beetle.
The bombardier beetle is moderately wounded.
The bombardier beetle sprays incendiary fluid at you.
The burning spray hits you.
You are covered in liquid fire!
You shoot an arrow. The arrow hits the bombardier beetle!
You kill the bombardier beetle!
The liquid fire burns you!
Your Fighting skill increases to level 2!
You are on fire!
The liquid fire burns you!
You are on fire!
The liquid fire burns you!
You are on fire!
The liquid fire burns you!
You are on fire!
The liquid fire burns you!
You are on fire!
The liquid fire burns you!
You are on fire!
The liquid fire burns you!
You are on fire!
The liquid fire burns you!
You are on fire!
The liquid fire burns you!
You die...

#########
#.......######### #.#
#........>.. #.#
##.###.####. #.# #.# #.#
#. #.# #.# #.# #.
###.#####.# #.# #.
######.[.....%.###.####.
..%....@.#####..........
#. ........##
########### ####...
#######.# #. ......# ...
#. ......# .... #.
......## ##.... #.
.<.....# ##.#.# #.
.......#### ###.# #.
....).#...###### #.# #.


There were no monsters in sight!

Vanquished Creatures
  A centaur (D:3)
  A bombardier beetle (D:3)
  7 adders
  A ribbon worm (D:2)
  A dart slug (D:1)
  4 endoplasms
  11 goblins
  8 hobgoblins
  9 jackals
  6 kobolds
  4 quokkas
  11 ball pythons
  3 bats
  6 frilled lizards
  6 rats
79 creatures vanquished.

Notes
Turn   | Place    | Note
-------+----------+-------------------------------------------
     0 | D:1      | qw the Deep Elf Hunter began the quest for the Orb.
     0 | D:1      | Reached XP level 1. HP: 12/12 MP: 3/3
     0 | D:1      | 0 ||| qw: Version: 0.3-a-160-g6735b56
     0 | D:1      | 0 ||| qw: Game counter: 5249
     0 | D:1      | 0 ||| qw: Melee chars always use a shield: true
     0 | D:1      | 0 ||| qw: God list: Okawaru
     0 | D:1      | 0 ||| qw: Allow faded altars: false
     0 | D:1      | 0 ||| qw: Do Orc after clearing Dungeon:15 true
     0 | D:1      | 0 ||| qw: Do second Lair branch before Depths: true
     0 | D:1      | 0 ||| qw: Lair rune preference: random
     0 | D:1      | 0 ||| qw: Goals: Normal
     0 | D:1      | 0 ||| PLANNING D:1-11
   115 | D:1      | Reached XP level 2. HP: 16/16 MP: 4/4
   239 | D:1      | Reached skill level 6 in Ranged Weapons
   374 | D:1      | 374 ||| DROPPING +1 heavy sling.
   420 | D:1      | Reached XP level 3. HP: 20/20 MP: 5/5
   639 | D:1      | 639 ||| READING 2 scrolls labelled QIENGO GILEISA.
   643 | D:1      | 643 ||| READING scroll labelled PIVVIALIYS.
   644 | D:1      | 644 ||| DRINKING 2 coppery potions.
   645 | D:1      | 645 ||| DROPPING scroll of butterflies.
   664 | D:2      | 664 ||| STAIRDANCE
   667 | D:1      | Reached skill level 7 in Ranged Weapons
   711 | D:2      | 711 ||| STAIRDANCE
   941 | D:2      | Reached XP level 4. HP: 24/25 MP: 6/6
  1398 | D:2      | 1398 ||| READING scroll labelled PIHAMM QUEBINEUV.
  1399 | D:2      | 1399 ||| READING scroll labelled UXKAS SYJAMO.
  1399 | D:2      | 1399 ||| ENCHANTING +0 shortbow.
  1400 | D:2      | 1400 ||| READING 2 scrolls labelled FADEIBIORCH.
  1401 | D:2      | 1401 ||| READING 2 scrolls labelled BONIWU VYHAODI.
  1401 | D:2      | 1401 ||| IDENTIFYING metallic blue potion
  1402 | D:2      | 1402 ||| READING scroll of identify.
  1402 | D:2      | 1402 ||| IDENTIFYING silvery potion
  1403 | D:2      | 1403 ||| DRINKING 2 puce potions.
  1404 | D:2      | 1404 ||| DROPPING potion of lignification.
  1405 | D:2      | 1405 ||| DROPPING scroll of immolation.
  1406 | D:2      | 1406 ||| DROPPING potion of brilliance.
  1554 | D:3      | Reached skill level 8 in Ranged Weapons
  1554 | D:3      | 1554 ||| FLEEEEING.
  1555 | D:3      | 1555 ||| FLEEEEING.
  1556 | D:3      | 1556 ||| FLEEEEING.
  1557 | D:3      | 1557 ||| FLEEEEING.
  1558 | D:3      | 1558 ||| FLEEEEING.
  1559 | D:3      | 1559 ||| FLEEEEING.
  1560 | D:3      | 1560 ||| FLEEEEING.
  1561 | D:3      | 1561 ||| FLEEEEING.
  1562 | D:3      | 1562 ||| FLEEEEING.
  1563 | D:3      | 1563 ||| FLEEEEING.
  1567 | D:3      | 1567 ||| FLEEEEING.
  1568 | D:3      | 1568 ||| FLEEEEING.
  1569 | D:3      | 1569 ||| FLEEEEING.
  1570 | D:3      | 1570 ||| FLEEEEING.
  1571 | D:3      | 1571 ||| FLEEEEING.
  1572 | D:3      | 1572 ||| FLEEEEING.
  1574 | D:3      | 1574 ||| FLEEEEING.
  1575 | D:3      | 1575 ||| FLEEEEING.
  1576 | D:3      | 1576 ||| FLEEEEING.
  1577 | D:3      | 1577 ||| STAIRDANCE
  1893 | D:3      | Noticed a centaur
  1900 | D:3      | HP: 6/25 [centaur (2)]
  1901 | D:3      | 1901 ||| READING 2 scrolls of teleportation.
  1902 | D:3      | HP: 2/25 [centaur (2)]
  1910 | D:3      | 1910 ||| READING scroll of teleportation.
  1911 | D:3      | Killed a centaur
  1912 | D:3      | Reached skill level 9 in Ranged Weapons
  1912 | D:3      | Reached XP level 5. HP: 5/29 MP: 7/7
  2092 | D:3      | Reached skill level 3 in Dodging
  2117 | D:3      | HP: 7/30 [burnt (3)]
  2119 | D:3      | Incinerated by a bombardier beetle

Levels and vault maps discovered:
D:1:      dpeg_arrival_fog, layout_loops_ring, minmay_split_cup_small
D:2:      layout_loops_ring, minmay_pentomino_v2
D:3:      layout_loops_ring

Skill      XL: |  1  2  3  4  5 |
---------------+----------------+-----
Ranged Weapons | 6 7 9 |  9.1
Dodging        | 3 |  3.0
Fighting       | 2 |  2.0
Stealth        | |  1.2

Action                     |  1- 3 |  4- 6 || total
---------------------------+-------+-------++-------
   Fire: Shortbow          |   134 |    98 ||   232
    Use: Scroll            |     2 |     7 ||     9
         Potion            |     1 |     1 ||     2
 Armour: Leather armour    |    34 |    32 ||    66
  Dodge: Dodged            |    38 |    20 ||    58

Table legend:
 A = Non-vault XP
 B = Vault XP
 C = Vault XP percentage of total XP
 D = Non-vault monster count
 E = Vault monster count
 F = Vault count percentage of total count
                 A         B        C        D         E       F
            +---------+---------+-------+---------+---------+-------
      Total |     361 |       6 |   1.6 |      75 |       4 |   5.1
            +---------+---------+-------+---------+---------+-------
        D:1 |      62 |       4 |   6.1 |      30 |       3 |   9.1
        D:2 |      57 |       2 |   3.4 |      25 |       1 |   3.8
        D:3 |     242 |       0 |   0.0 |      20 |       0 |   0.0
            +---------+---------+-------+---------+---------+-------
